 Dungeon Crawl Stone Soup version 0.29.1-15-g9cfb28693d (webtiles) character file.

Game seed: 11255665117512965041

64 venomsnake the Trooper (level 4, -4/41 HPs)
             Began as a Hill Orc Berserker on Mar 24, 2023.
             Was a Believer of Trog.
             Slain by Jessica
             ... wielding a +3 dagger
              (7 damage)
             ... on level 3 of the Dungeon.
             The game lasted 00:10:12 (3668 turns).

venomsnake the Trooper (Hill Orc Berserker)         Turns: 3668, Time: 00:10:12

Health: -4/41      AC:  8    Str: 21    XL:     4   Next: 12%
Magic:  4/4        EV: 11    Int:  7    God:    Trog [**....]
Gold:   233        SH:  0    Dex: 10    Spells: 3/3 levels left

rFire   + . .      SeeInvis .   a - +0 hand axe
rCold   x . .      Faith    .   (no shield)
rNeg    . . .      Spirit   .   f - +0 ring mail
rPois   .          Reflect  .   g - +0 helmet
rElec   .          Harm     .   c - +1 cloak
rCorr   .          Rampage  .   (no gloves)
Will    ++...                   (no boots)
Stlth   ..........              o - amulet of the acrobat
HPRegen 1.13/turn               h - ring of fire
MPRegen 0.09/turn               (no ring)

@: strong-willed (expiring), regenerating (expiring)
A: no striking features
a: Renounce Religion, Berserk, Trog's Hand


You were on level 3 of the Dungeon.
You worshipped Trog.
Trog was pleased with you.
You visited 1 branch of the dungeon, and saw 3 of its levels.

You collected 233 gold pieces.

Inventory:

Hand Weapons
 a - a +0 hand axe (weapon)
Missiles
 d - 22 stones (quivered)
 i - 2 poisoned darts
Armour
 c - a +1 cloak (worn)
 f - a +0 ring mail (worn)
 g - a +0 helmet (worn)
Jewellery
 h - a ring of fire (left hand)
 o - an amulet of the acrobat (around neck)
Scrolls
 j - 2 scrolls of blinking {unknown}
 l - 2 scrolls of enchant weapon {unknown}
 m - 2 scrolls of identify {unknown}
 p - a scroll of magic mapping {unknown}
Potions
 b - 2 potions of heal wounds {unknown}
 e - a potion of berserk rage {unknown}
 k - a potion of ambrosia {unknown}
 n - a potion of mutation {unknown}
 q - a potion of invisibility {unknown}


   Skills:
 * Level 4.6 Fighting
 + Level 4.6 Axes
 + Level 2.8 Armour
 + Level 2.1 Dodging


You had 3 spell levels left.
You didn't know any spells.
Your spell library was empty.

Dungeon Overview and Level Annotations

Branches:
Dungeon (3/15)

Altars:
Ashenzari
Fedhas
Kikubaaqudgha

Annotations:
D:3 Jessica


Message History

Jessica is almost dead.
You hit the giant cockroach.
You kill the giant cockroach!
Trog accepts your kill.
Jessica points at you and mumbles some strange words.
Pain shoots through your body!
* * * LOW HITPOINT WARNING * * *
Jessica grins evilly.
Jessica barely misses you.
You hit Jessica.
Jessica is almost dead.
Jessica hits you with a +3 dagger.
* * * LOW HITPOINT WARNING * * *
Jessica hits you with a +3 dagger.
* * * LOW HITPOINT WARNING * * *
You hit Jessica but do no damage.
Jessica is almost dead.
Jessica barely misses you.
Your skin crawls.
You feel strong-willed. Jessica barely misses you. Jessica misses you.
You hit Jessica but do no damage.
Jessica is almost dead.
Jessica barely misses you.
You closely miss Jessica.
Jessica is almost dead.
Jessica hits you with a +3 dagger.
* * * LOW HITPOINT WARNING * * *
Jessica hits you with a +3 dagger.
* * * LOW HITPOINT WARNING * * *
You hit Jessica but do no damage.
Jessica is almost dead.
Jessica hits you with a +3 dagger.
* * * LOW HITPOINT WARNING * * *
Jessica misses you.
You hit Jessica but do no damage.
Jessica is almost dead.
You feel the effects of Trog's Hand fading.
Jessica hits you with a +3 dagger!
You die...

.
+........8.#.#.#.#.8#.
#
#..................##.
##..................#.
##.....#8.#.#.#.#.##.
##...###.#.#_#8#####
##'## ######### #.#
#@##### #@..>.#
#...##.# ........
##.#...#..# #........#
####.###.# #.. .# ###
#


You could see Jessica (fast).

Vanquished Creatures
  2 dart slugs (D:2)
  An orc (D:3)
  3 bats
  6 endoplasms
  4 giant cockroaches
  4 goblins
  4 hobgoblins (D:1)
  3 jackals (D:2)
  3 quokkas
  7 ball pythons
  7 frilled lizards
  4 kobolds
  5 rats
53 creatures vanquished.

Notes
Turn   | Place    | Note
-------+----------+-------------------------------------------
     0 | D:1      | venomsnake the Hill Orc Berserker began the quest for the
                  | Orb.
     0 | D:1      | Reached XP level 1. HP: 19/19 MP: 1/1
   334 | D:1      | Reached XP level 2. HP: 23/27 MP: 2/2
   699 | D:1      | Reached ** piety under Trog
   883 | D:1      | Reached XP level 3. HP: 33/33 MP: 3/3
  1582 | D:2      | Found a faded altar of an unknown god.
  2306 | D:2      | Reached XP level 4. HP: 37/41 MP: 4/4
  3513 | D:3      | Found a blossoming altar of Fedhas.
  3625 | D:3      | Found a broken altar of Ashenzari.
  3626 | D:3      | Found an ancient bone altar of Kikubaaqudgha.
  3646 | D:3      | Noticed Jessica
  3667 | D:3      | HP: 2/41 [Jessica/+3 dagger (2)]
  3668 | D:3      | Slain by Jessica

Illustrated notes

Levels and vault maps discovered:
D:1:      saegor_arrival_simple_d, layout_loops_cross, minmay_shallow_snake_nest
D:2:      layout_basic, hellmonk_ecumenical_altar_crossroads
D:3:      layout_loops_corners, mainiacjoe_overflow_alcove_2, minitemple,
          uniq_jessica

Skill      XL: |  1  2  3 |
---------------+----------+-----
Fighting       | 4 |  4.6
Dodging        | 2 |  2.1
Axes           | |  4.6
Armour         | |  2.8

Action                   |  1- 3 |  4- 6 || total
-------------------------+-------+-------++-------
Melee: Hand axe          |   145 |    24 ||   169
Invok: Trog's Hand       |       |     1 ||     1
Armor: Animal skin       |    15 |       ||    15
       Ring mail         |    44 |     8 ||    52
Dodge: Dodged            |   103 |    22 ||   125
